 Dungeon Crawl Stone Soup version 0.29-a0-1043-g569b05d6ff (webtiles) character file.

Game seed: 2771744057884060691

6774 DungeonMaster the Fighter (level 10, 0/86 HPs)
             Began as a Demonspawn Wanderer on Aug 16, 2022.
             Was an Elder of Makhleb.
             Slain by a two-headed ogre
             ... wielding a +0 giant club
              (21 damage)
             ... on level 10 of the Dungeon.
             The game lasted 00:20:45 (10014 turns).

DungeonMaster the Fighter (Demonspawn Wanderer)    Turns: 10014, Time: 00:20:46

Health: 0/86       AC: 20    Str: 23    XL:     10   Next: 76%
Magic:  11/11      EV: 10    Int: 12    God:    Makhleb [****..]
Gold:   407        SH:  0    Dex: 15    Spells: 11/11 levels left

rFire   + + +      SeeInvis .   a - +6 spear of the Curious Places {speed, rF+++ Will- Str+7}
rCold   . . .      Faith    .   (no shield)
rNeg    . . .      Spirit   .   h - +3 plate armour {ponderous}
rPois   .          Reflect  .   F - +0 helmet
rElec   .          Harm     .   (no cloak)
rCorr   .          Rampage  .   (no gloves)
Will    .....                   (no boots)
Stlth   ..........              (no amulet)
HPRegen 0.24/turn               (no ring)
MPRegen 0.12/turn               (no ring)

@: slow
A: icy blue scales 1, demonic guardian 2, powered by death 2, demonic touch 1
a: Renounce Religion, Minor Destruction, Lesser Servant of Makhleb, Major
Destruction


You were on level 10 of the Dungeon.
You worshipped Makhleb.
Makhleb was greatly pleased with you.
You visited 2 branches of the dungeon, and saw 11 of its levels.
You also visited: Ossuary.

You collected 551 gold pieces.
You spent 144 gold pieces at shops.

Inventory:

Hand Weapons
 a - the +6 spear of the Curious Places (weapon) {speed, rF+++ Will- Str+7}
   (You bought it in a shop on level 7 of the Dungeon)

   Attacks with this weapon are significantly faster.
   Str:       It affects your strength (+7).
   rF:        It renders you almost immune to fire.
   Will:      It decreases your willpower.
 d - a +2 dagger of electrocution
 s - a +1 dagger of venom
 B - a +3 antimagic war axe
 I - the +4 glaive "Daso" {protect, *Slow rF+++ Str-4 Stlth+}
   (You took it off a gnoll on level 9 of the Dungeon)

   It grants its wielder temporary protection when it strikes (+7 to AC).
   Str:       It affects your strength (-4).
   rF:        It renders you almost immune to fire.
   *Slow:     It may slow you when you take damage.
   Stlth:     It makes you more stealthy.
Missiles
 b - 53 poisoned darts (quivered)
 j - 60 stones
 n - 3 throwing nets
 x - a boomerang
Armour
 h - a +3 plate armour of ponderousness (worn)
 F - a +0 helmet (worn)
Jewellery
 o - a ring of fire
 p - a ring of wizardry
Wands
 t - a wand of paralysis (12)
 w - a wand of flame (21)
Scrolls
 l - 2 scrolls of poison
 q - a scroll of teleportation
 r - 2 scrolls of fog
 u - a scroll of blinking
 y - a scroll of summoning
 A - 2 scrolls of immolation
 D - 2 scrolls of magic mapping
 E - a scroll of amnesia
Potions
 c - 4 potions of flight
 e - 4 potions of might
 f - 8 potions of heal wounds
 g - a potion of berserk rage
 i - 4 potions of mutation
 k - 2 potions of magic
 m - a potion of resistance
 v - 3 potions of invisibility
 z - a potion of cancellation {unknown}
 C - a potion of brilliance
 G - 5 potions of curing


   Skills:
 * Level 10.3 Fighting
 - Level 2.6 Axes
 - Level 1.0 Throwing
 * Level 8.6 Armour
 * Level 8.4 Dodging
 - Level 1.0 Spellcasting
 - Level 2.0 Conjurations


You had 11 spell levels left.
You didn't know any spells.
Your spell library contained the following spells:

 Spells                   Type           Power      Damage    Failure   Level
 Searing Ray              Conj           10%        2d4       95%         2
 Sandblast                Erth           0%         2d4       99%         1
 Passwall                 Tmut/Erth      0%         N/A       99%         2
 Static Discharge         Conj/Air       3%         3-4/arc   99%         2
 Conjure Flame            Conj/Fire      3%         6-21      100%        3
 Gell's Gravitas          Tloc           0%         N/A       100%        3
 Ignite Poison            Fire/Tmut/Pois 0%         N/A       100%        3
 Lesser Beckoning         Tloc           0%         N/A       100%        3
 Ozocubu's Armour         Ice            0%         N/A       100%        3
 Stone Arrow              Conj/Erth      6%         3d7       100%        3
 Summon Guardian Golem    Hex/Summ       0%         N/A       100%        3
 Teleport Other           Tloc           0%         N/A       100%        3
 Sticky Flame             Conj/Fire      3%         2d3       100%        4
 Orb of Destruction       Conj           2%         9d5       100%        7
 Ozocubu's Refrigeration  Ice            0%         4d7       100%        7
 Spellforged Servitor     Conj/Summ      1%         N/A       100%        7


Dungeon Overview and Level Annotations

Branches:
Dungeon (10/15)            Temple (1/1) D:5            Lair (0/5) D:9
    Orc (0/2) D:9         Ossuary (visited)

Altars:
Ashenzari
Cheibriados
Dithmenos
Fedhas
Hepliaklqana
Kikubaaqudgha
Makhleb
Nemelex Xobeh
Qazlal
Ru
Sif Muna
Trog
Uskayaw
Vehumet
Xom
Yredelemnul

Shops:
D:5 (   D:7 (


Innate Abilities, Weirdness & Mutations

You are partially covered in icy blue scales. (AC +2)
A demonic guardian rushes to your aid.
You regenerate health from kills.
Your touch may inflict minor irresistible damage on your foes.


Message History

You throw a curare-tipped dart.
The curare-tipped dart completely misses the two-headed ogre.
You hit the two-headed ogre but do no damage.
You touch the two-headed ogre!
The two-headed ogre is moderately wounded.
The two-headed ogre hits you with a +0 giant club.
The two-headed ogre hits you with a +0 great mace!
You completely miss the two-headed ogre.
You touch the two-headed ogre!
The two-headed ogre is heavily wounded.
You barely miss the two-headed ogre.
The two-headed ogre is heavily wounded.
You hit the two-headed ogre but do no damage.
The two-headed ogre looks as sick as possible!
The two-headed ogre is heavily wounded.
The two-headed ogre hits you with a +0 giant club!
The two-headed ogre hits you with a +0 great mace!
You hit the two-headed ogre.
The two-headed ogre is heavily wounded.
The two-headed ogre is no longer moving slowly.
You hit the two-headed ogre but do no damage.
The two-headed ogre looks as sick as possible!
The two-headed ogre is heavily wounded.
The two-headed ogre hits you with a +0 giant club!!
The two-headed ogre hits you with a +0 great mace.
Your +1 dagger of venom stops dripping with poison.
You feel stronger.
Your hands tingle!
a - the +6 spear of the Curious Places (weapon)
{speed, rF+++ Will- Str+7} You hit the two-headed ogre.
The two-headed ogre is severely wounded.
The two-headed ogre hits you with a +0 giant club!
* * * LOW HITPOINT WARNING * * *
A demonic guardian appears!
The two-headed ogre hits you but does no damage.
You hit the two-headed ogre.
The two-headed ogre is severely wounded.
The two-headed ogre attacks as you move away!
The two-headed ogre hits you with a +0 giant club!!
You die...

####+########
#....(......#
#..4.(......+
#....O......#
#....@).....#
#...........#
#?..........#
#...........#
#..........?#
#...........#
#####+#######


You could see a two-headed ogre (extremely poisoned, ally target) and a friendly
hellwing (summoned).

Vanquished Creatures
  2 two-headed ogres
  A kobold demonologist (D:9)
  A polar bear (D:9)
  A shadow (D:7)
  2 steam dragons
  2 water moccasins (D:9)
  3 orc warriors (D:9)
  2 sky beasts (D:7)
  4 black bears
  2 ice beasts
  4 ogres
  2 centaurs (D:9)
  A wolf (D:9)
  An elf zombie (Ossuary)
  3 kobold brigands
  5 bullfrogs
  5 scorpions
  A necrophage (D:4)
  2 gnoll sergeants
  13 killer bees (D:9)
  2 howler monkeys
  2 centaur zombies (Ossuary)
  A wyvern simulacrum (D:9)
  2 orc priests
  A hound (D:4)
  2 gnoll boudas (D:9)
  A jelly (D:4)
  2 human zombies (Ossuary)
  Ijyb (D:4)
  2 iguanas
  8 orc wizards
  A centaur simulacrum (D:9)
  3 mummies
  10 gnolls
  12 adders
  A white imp (D:9)
  5 ufetubi
  A worm (D:3)
  2 dart slugs
  27 orcs
  5 endoplasms
  A giant cockroach (D:2)
  4 goblins
  5 hobgoblins
  5 quokkas
  8 ball pythons
  3 bats (D:1)
  2 frilled lizards
  A goblin zombie (Ossuary)
  12 hobgoblin zombies (Ossuary)
  2 jackal zombies (Ossuary)
  15 kobolds
  9 kobold zombies (Ossuary)
  4 orc zombies (Ossuary)
  4 rats
223 creatures vanquished.

Vanquished Creatures (collateral kills)
  2 kobold brigands (D:9)
  An orc priest (D:5)
  5 gnolls (D:9)
  A white imp (D:6)
  2 orcs (D:5)
  A kobold (D:9)
  2 hobgoblin zombies (Ossuary)
  A kobold zombie (Ossuary)
15 creatures vanquished.

Vanquished Creatures (others)
  57 fungi (D:9)
  53 plants
110 creatures vanquished.

Grand Total: 348 creatures vanquished

Notes
Turn   | Place    | Note
-------+----------+-------------------------------------------
     0 | D:1      | DungeonMaster the Demonspawn Wanderer began the quest for
                  | the Orb.
     0 | D:1      | DungeonMaster set off with the following items: a +2 hand
                  | axe, 9 poisoned darts, a +0 dagger, a potion of curing, a
                  | +0 robe; and the following spells available to memorise:
                  | Searing Ray, Static Discharge.
     0 | D:1      | Reached XP level 1. HP: 16/16 MP: 2/2
   208 | D:1      | Gained mutation: You are partially covered in icy blue
                  | scales. (AC +2) [demonic ancestry]
   208 | D:1      | Reached XP level 2. HP: 11/23 MP: 3/3
   824 | D:1      | Reached skill level 3 in Fighting
  1223 | D:2      | Found a stormy altar of Qazlal.
  1467 | D:2      | Gained mutation: You regenerate a little health from kills.
                  | [demonic ancestry]
  1467 | D:2      | Reached XP level 3. HP: 14/29 MP: 4/4
  2005 | D:3      | Found a sparkling altar of Nemelex Xobeh.
  2007 | D:3      | Found an ancient bone altar of Kikubaaqudgha.
  2169 | D:3      | Reached skill level 4 in Fighting
  2280 | D:3      | Gained mutation: Your touch may inflict minor irresistible
                  | damage on your foes. [demonic ancestry]
  2280 | D:3      | Reached XP level 4. HP: 36/38 MP: 5/5
  2806 | D:3      | Identified the +6 dagger "Spiderslayer" {freeze, Int+2
                  | SInv}
  2995 | D:4      | Noticed a necrophage
  3006 | D:4      | Killed a necrophage
  3007 | D:4      | Reached skill level 1 in Dodging
  3007 | D:4      | Gained mutation: A weak demonic guardian rushes to your
                  | aid. [demonic ancestry]
  3007 | D:4      | Reached XP level 5. HP: 42/43 MP: 6/6
  3085 | D:4      | Reached skill level 5 in Fighting
  3315 | D:4      | Noticed Ijyb
  3335 | D:4      | Killed Ijyb
  3336 | D:4      | Gained mutation: A demonic guardian rushes to your aid.
                  | [demonic ancestry]
  3336 | D:4      | Reached XP level 6. HP: 47/51 MP: 7/7
  3861 | D:5      | Entered Level 5 of the Dungeon
  4179 | D:5      | Found Wosa's Weapon Boutique.
  4322 | D:5      | Found a staircase to the Ecumenical Temple.
  4347 | Temple   | Entered the Ecumenical Temple
  4418 | Temple   | Became a worshipper of Makhleb the Destroyer
  4552 | D:5      | Reached XP level 7. HP: 38/57 MP: 8/8
  5097 | D:6      | Reached skill level 6 in Fighting
  5135 | D:6      | Noticed a two-headed ogre
  5315 | D:6      | Found a sand-covered staircase.
  5411 | Ossuary  | Entered an ossuary
  5433 | Ossuary  | Reached * piety under Makhleb
  5591 | Ossuary  | Reached ** piety under Makhleb
  5633 | Ossuary  | Reached XP level 8. HP: 65/65 MP: 9/9
  5957 | D:6      | Killed a two-headed ogre
  5958 | D:6      | Reached skill level 7 in Fighting
  5958 | D:6      | Reached skill level 5 in Armour
  5958 | D:6      | Reached skill level 5 in Dodging
  6114 | D:6      | Gained mutation: You regenerate health from kills. [demonic
                  | ancestry]
  6114 | D:6      | Reached XP level 9. HP: 50/74 MP: 10/10
  6468 | D:7      | Reached skill level 8 in Fighting
  7298 | D:7      | Found a sacrificial altar of Ru.
  7377 | D:7      | Found a hide-covered altar of Uskayaw.
  7435 | D:7      | Found Eghosyobb's Antique Weapon Shoppe.
  7438 | D:7      | Bought a transparent spear for 144 gold pieces
  7438 | D:7      | Identified the +6 spear of the Curious Places {speed, rF+++
                  | Will- Str+7} (You bought it in a shop on level 7 of the
                  | Dungeon)
  7671 | D:8      | You fall into a shaft and drop 1 floor!
  8236 | D:8      | Reached skill level 9 in Fighting
  8259 | D:8      | Found a basalt altar of Yredelemnul.
  8304 | D:8      | Reached *** piety under Makhleb
  8472 | D:9      | Noticed a kobold demonologist
  8482 | D:9      | Noticed a rust devil
  8491 | D:9      | Killed a kobold demonologist
  8502 | D:9      | Reached XP level 10. HP: 65/83 MP: 11/11
  8667 | D:9      | Found a staircase to the Lair.
  8716 | D:9      | Identified the +4 glaive "Daso" {protect, *Slow rF+++ Str-4
                  | Stlth+}
  9278 | D:9      | Found a staircase to the Orcish Mines.
  9385 | D:9      | Reached skill level 10 in Fighting
  9396 | D:9      | Reached **** piety under Makhleb
  9732 | D:9      | Found a shimmering blue altar of Sif Muna.
  9734 | D:9      | Noticed a two-headed ogre
  9749 | D:9      | Killed a two-headed ogre
 10002 | D:10     | Entered Level 10 of the Dungeon
 10002 | D:10     | Noticed a two-headed ogre
 10014 | D:10     | Slain by a two-headed ogre

Illustrated notes

Levels and vault maps discovered:
D:1:      dpeg_arrival_stonehenge_12_columns, layout_loops_ring,
          minmay_shallow_snake_nest
D:2:      layout_loops_ring, basic_altar, serial_forest,
          infiniplex_forest_lined_3, infiniplex_forest_clump_curved,
          infiniplex_forest_3_way, infiniplex_forest_lined_corner,
          infiniplex_forest_straight_3, infiniplex_forest_end_2,
          kennysheep_generic_room_14
D:3:      layout_loops_ring, mainiacjoe_overflow_catwalk_spiral
D:4:      layout_basic, hangedman_decor_points, uniq_ijyb
D:5:      layout_loops_ring, minmay_temple_entry_drinking_statues, serial_shops,
          nicolae_take_the_stairs
D:6:      layout_gridville, gup_ossuary_entry_pyramid, grunt_ministairs_7
D:7:      layout_basic, nicolae_ru_the_path_less_chosen,
          nicolae_uskayaw_dance_studio, serial_shops, kennysheep_mini_moat
D:8:      layout_rooms, dreamdust_divine_triumvirate, kennysheep_mini
D:9:      layout_loops_corners, nicolae_sif_muna_little_library,
          due_lair_maze_entry_diamond, serial_ice, serial_ice_f, serial_ice_n,
          serial_ice_h, serial_ice_a
D:10:     layout_roguey, grunt_qazlal_sundering, serial_shops,
          nicolae_lakefront_shop, uniq_psyche, uniq_erolcha
Temple:   hellmonk_temple_forest_ring

Skill      XL: |  1  2  3  4  5  6  7  8  9 10 |
---------------+-------------------------------+-----
Fighting       | 3 4 5 6 7 9 10 | 10.3
Dodging        | 1 2 4 5 7 8 |  8.4
Armour         | 2 3 4 5 7 8 |  8.6
Axes           | |  2.6
Throwing       | |  1.0
Spellcasting   | |  1.0
Conjurations   | |  2.0

Action                   |  1- 3 |  4- 6 |  7- 9 | 10-12 || total
-------------------------+-------+-------+-------+-------++-------
Melee: Hand axe          |    23 |       |       |       ||    23
       Dagger            |    80 |   120 |   342 |   173 ||   715
       Touch             |       |    20 |    71 |    48 ||   139
       Punch             |       |     2 |     6 |       ||     8
       Spear             |       |       |     7 |    83 ||    90
Throw: Dart              |       |     4 |    27 |     2 ||    33
Evoke: Wand              |       |     1 |       |     7 ||     8
  Use: Scroll            |     9 |     7 |     9 |     1 ||    26
       Potion            |       |       |     1 |       ||     1
 Stab: Paralysed         |       |     1 |       |     6 ||     7
       Distracted        |       |       |     1 |       ||     1
Armor: Leather armour    |    28 |     3 |       |       ||    31
       Scale mail        |       |    51 |   102 |       ||   153
       Plate armour      |       |       |    95 |   210 ||   305
Dodge: Dodged            |    66 |    47 |   177 |   109 ||   399

Table legend: (Time is in decaauts)
 A = Elapsed time spent in this place.
 B = Non-inter-level travel time spent in this place.
 C = Inter-level travel time spent in this place.
 D = Time resting spent in this place.
 E = Time spent auto-exploring this place.
 F = Levels seen in this place.
 G = Mean time per level.
                   A        B        C        D        E       F      G
               +--------+--------+--------+--------+--------+-----+--------+
         Total |  10121 |   9862 |    259 |   1682 |   6029 |  12 |  843.4 |
       Dungeon |   9759 |   9518 |    241 |   1682 |   5909 |  10 |  975.9 |
        Temple |     89 |     71 |     18 |      0 |     61 |   1 |   89.0 |
       Ossuary |    271 |    271 |      0 |      0 |     59 |   1 |  271.0 |
               +--------+--------+--------+--------+--------+-----+--------+

Top non-repeatable levels by time:
     D:9: 1662 daAuts
     D:6: 1313 daAuts
     D:2: 1172 daAuts
     D:7: 1062 daAuts
     D:5: 978 daAuts
     D:1: 958 daAuts
     D:4: 948 daAuts
     D:3: 851 daAuts
     D:8: 801 daAuts
 Ossuary: 271 daAuts
  Temple: 89 daAuts
    D:10: 10 daAuts
